 Dungeon Crawl Stone Soup version 0.21-a0-71-g5e5ddd2 (webtiles) character file.

63 Alarkh the Chopper (level 3, -1/29 HPs)
             Began as a Demonspawn Monk on June 19, 2017.
             Slain by a gnoll
             ... wielding a +0 flail
              (12 damage)
             ... on level 2 of the Dungeon.
             The game lasted 00:01:48 (1487 turns).

Alarkh the Chopper (Demonspawn Monk)                Turns: 1487, Time: 00:01:48

Health: -1/29      AC:  3    Str: 11    XL:     3   Next: 89%
Magic:  12/12      EV: 13    Int: 12    God:
Gold:   57         SH:  0    Dex: 15    Spells: 2/2 levels left

rFire    . . .     SeeInvis .   a - +1 hand axe
rCold    . . .     Gourm    .   (no shield)
rNeg     . . .     Faith    .   b - +0 robe
rPois    .         Spirit   .   (no helmet)
rElec    .         Reflect  .   (no cloak)
rCorr    .         Harm     .   f - +0 pair of gloves
MR       .....                  (no boots)
Stlth    ++++......             (no amulet)
HPRegen  0.09/turn              k - ring of stealth
MPRegen  0.13/turn              i - ring of magical power

@: berserk cooldown, slowed, very slow
A: hooves 1, nightstalker 1
a: no special abilities


You were on level 2 of the Dungeon.
You were not hungry.

You visited 1 branch of the dungeon, and saw 2 of its levels.

You collected 57 gold pieces.

Inventory:

Hand Weapons
 a - a +1 hand axe (weapon)
Armour
 b - a +0 robe (worn)
 f - a +0 pair of gloves (worn)
Jewellery
 i - a ring of magical power (right hand)
 k - a ring of stealth (left hand)
Potions
 e - 2 potions of flight
 l - a potion of cancellation
Comestibles
 c - 2 bread rations
 g - a chunk of flesh
 h - a fruit
 j - 2 meat rations


   Skills:
 - Level 3.0 Fighting
 + Level 4.4 Axes
 - Level 2.6 Dodging
 - Level 1.7 Stealth


You had 2 spell levels left.
You didn't know any spells.

Dungeon Overview and Level Annotations

Branches:
Dungeon (2/15)

Altars:


Innate Abilities, Weirdness & Mutations

You have large cloven feet.
You are slightly more attuned to the shadows.


Message History

The gnoll barely misses you.
You hit the gnoll.
The gnoll is severely wounded.
The gnoll misses you. The gnoll barely misses you.
You barely miss the gnoll.
The gnoll is severely wounded.
The gnoll closely misses you.
You hit the gnoll but do no damage. You kick the gnoll, but do no damage.
The gnoll is severely wounded.
The gnoll completely misses you. The gnoll barely misses you.
You hit the gnoll but do no damage.
The gnoll is severely wounded.
The gnoll hits you with a flail.
You hit the gnoll but do no damage. You kick the gnoll, but do no damage.
The gnoll is severely wounded.
The gnoll hits you but does no damage.
You hit the gnoll but do no damage. Your kick misses the gnoll.
The gnoll is severely wounded.
The gnoll hits you with a flail!
You die...

#######....#
#.
#..........#
#.
#..........#
#####.
#.......####
......
#.(.....#
......
#.......#
......
#.......#
####..
#.....†.#
#..
#....)@.#
#..
#.....g.#
###
#.......#
########
#........
#......#
#####.....
#......#
#.....%
#...(..#
#.?.....
#.......
#.......
#.......


You could see a gnoll.

Vanquished Creatures
  3 gnolls (D:2)
  An adder (D:2)
  A dart slug (D:1)
  3 bats
  A giant cockroach (D:1)
  4 goblins
  3 hobgoblins
  4 frilled lizards
  2 kobolds (D:2)
  4 rats
26 creatures vanquished.

Notes
Turn   | Place    | Note
-------+----------+-------------------------------------------
     0 | D:1      | Alarkh the Demonspawn Monk began the quest for the Orb.
     0 | D:1      | Reached XP level 1. HP: 18/18 MP: 1/1
    88 | D:1      | Reached skill level 3 in Axes
   427 | D:1      | Gained mutation: You have large cloven feet. [demonic ancestry]
   427 | D:1      | Reached XP level 2. HP: 24/24 MP: 2/2
  1377 | D:2      | Gained mutation: You are slightly more attuned to the shadows. [demonic ancestry]
  1377 | D:2      | Reached XP level 3. HP: 28/29 MP: 3/3
  1472 | D:2      | Reached skill level 4 in Axes
  1487 | D:2      | Slain by a gnoll

Vault maps used:
D:1:      elethiomel_arrival_infinity_welcomes_careful_drivers
D:2:      gammafunk_temple_overflow_elements, first_bread,
          minmay_misc_feat_alley, minmay_goblin_kobold_house

Skill      XL: |  1  2  3 |
---------------+----------+-----
Axes           | 3 4 |  4.4
Fighting       | |  3.0
Dodging        | |  2.6
Stealth        | |  1.7

Action                   || total
-------------------------++-------
Melee: Hand axe          ||    92
       Kick              ||    20
  Use: Scroll            ||     4
       Potion            ||     3
 Stab: Sleeping          ||     6
  Eat: Chunk             ||     2
Armor: Robe              ||    14
Dodge: Dodged            ||    61
